 Dungeon Crawl Stone Soup version 0.30-a0-404-g0b3c3f4973 (webtiles) character file.

Game seed: 14869313697274363761

32 tilp the Grave Robber (level 3, 0/26 HPs)
             Began as a Mummy Necromancer on Dec 7, 2022.
             Slain by Robin
             ... wielding a +0 whip
              (5 damage)
             ... on level 2 of the Dungeon.
             The game lasted 00:02:16 (1036 turns).

tilp the Grave Robber (Mummy Necromancer)           Turns: 1036, Time: 00:02:16

Health: 0/26       AC:  2    Str: 11    XL:     3   Next: 8%
Magic:  1/7        EV: 12    Int: 16    God:
Gold:   44         SH:  0    Dex: 12    Spells: 3/7 levels left

rFire   x . .      SeeInvis .    b - +2 dagger (venom)
rCold   + . .      Faith    +    (no shield)
rNeg    + + +      Spirit   .    d - +0 robe
rPois   ∞          Reflect  .    (no helmet)
rElec   .          Harm     .    (no cloak)
rCorr   .          Rampage  .    (no gloves)
Will    +....                    (no boots)
Stlth   ++........               (no amulet)
HPRegen 0.24/turn                f - ring of willpower
MPRegen 0.10/turn                (no ring)

@: no status effects
A: cold resistance 1, negative energy resistance 3, torment resistance 2, heat
vulnerability 1, in touch with death 1, no potions, faith
a: no special abilities


You were on level 2 of the Dungeon.
You visited 1 branch of the dungeon, and saw 2 of its levels.

You collected 44 gold pieces.

Inventory:

Hand Weapons
 a - a +0 whip
 b - a +2 dagger of venom (weapon)
Missiles
 c - 3 poisoned darts (quivered)
 e - 18 stones
Armour
 d - a +0 robe (worn)
Jewellery
 f - a ring of willpower (left hand)
Scrolls
 g - a scroll of identify {unknown}
 h - a scroll of blinking {unknown}


   Skills:
 * Level 1.2 Fighting
 + Level 0.5 Maces & Flails
 + Level 1.8 Dodging
 + Level 1.8 Stealth
 + Level 2.9 Spellcasting
 * Level 4.2 Necromancy


You had 3 spell levels left.
You knew the following spells:

 Your Spells              Type           Power      Damage    Failure   Level
a - Necrotise             Necr           92%        1d8       3%          1
b - Vampiric Draining     Necr           23%        2d7       10%         3

Your spell library contained the following spells:

 Spells                   Type           Power      Damage    Failure   Level
 Scorch                   Fire           4%         2d5       28%         2
 Animate Dead             Necr           23%        N/A       32%         4
 Agony                    Necr           23%        N/A       67%         5
 Flame Wave               Conj/Fire      2%         2d4       88%         4
 Summon Cactus Giant      Summ           1%         N/A       100%        6


Dungeon Overview and Level Annotations

Branches:
Dungeon (2/15)

Altars:

Annotations:
D:2 Robin


Innate Abilities, Weirdness & Mutations

You are immune to poison.
Your flesh is cold resistant. (rC+)
You are immune to negative energy. (rN+++)
You are immune to unholy pain and torment.
You are vulnerable to heat. (rF-)
You are in touch with the powers of death.
You do not drink.
You have a special connection with the divine. (Faith)


Message History

Your goblin skeleton hits Robin but does no damage.
Robin roars a battlecry!
The goblin goes into a battle-frenzy!
The goblin misses you.
You hit the goblin.
The goblin is poisoned.
The goblin is severely wounded.
A goblin comes into view. It is wielding a +0 club.
The goblin completely misses you.
Unknown command.
You barely miss the goblin.
The goblin is severely wounded.
The goblin hits you with a +0 club.
Your goblin skeleton hits Robin but does no damage.
Unknown command.
You kill the goblin!
Your goblin skeleton hits the hobgoblin.
Unknown command.
You hit Robin but do no damage.
Robin looks even sicker.
Robin is heavily wounded.
A quokka comes into view.
Your goblin skeleton closely misses Robin.
Robin drinks a potion.
Robin is healed!
Robin looks more healthy.
Unknown command.
You closely miss Robin.
The hobgoblin no longer looks unusually strong.
Robin hits you with a +0 whip. The hobgoblin barely misses you.
The goblin barely misses your goblin skeleton.
Your goblin skeleton closely misses Robin.
Unknown command.
You hit Robin.
Robin is poisoned.
Robin is lightly wounded.
The goblin no longer looks unusually strong.
Robin hits you with a +0 whip.
* * * LOW HITPOINT WARNING * * *
The hobgoblin barely misses you.
The goblin hits your goblin skeleton with a +0 club.
Your goblin skeleton hits Robin but does no damage.
Your goblin skeleton hits Robin.
Robin attacks as you move away! Robin hits you with a +0 whip.
You die...

########.####
#...........#
#.######.##.# ######.#
#.##.# .......### #.##.#
.........####....########
#####<.#........)........
#.......###.).######
#...##### #.@.# #...#


#Zgg# #.... #.Z.# . ##..#.#####.g.# . .........r..######## ###.#####>..!...!...
#####.#####(#.######## . ..........#..# .. .##.#.##..###.# You could see Robin
(very poisoned, ally target), a quokka, a hobgoblin, a goblin and 2 friendly
goblin skeletons.

Vanquished Creatures
  2 endoplasms (D:1)
  10 goblins
  3 hobgoblins
  A quokka (D:1)
  2 ball pythons (D:1)
  5 bats (D:1)
  A frilled lizard (D:1)
  2 kobolds (D:1)
  A rat (D:1)
27 creatures vanquished.

Vanquished Creatures (collateral kills)
  A goblin (D:2)
1 creature vanquished.

Grand Total: 28 creatures vanquished

Notes
Turn   | Place    | Note
-------+----------+-------------------------------------------
     0 | D:1      | tilp the Mummy Necromancer began the quest for the Orb.
     0 | D:1      | Reached XP level 1. HP: 13/13 MP: 4/4
   404 | D:1      | Reached XP level 2. HP: 20/20 MP: 5/5
   865 | D:2      | Reached skill level 1 in Fighting
   975 | D:2      | Noticed Robin
  1018 | D:2      | Gained mutation: You are in touch with the powers of death.
                  | [Mummy growth]
  1018 | D:2      | Reached XP level 3. HP: 26/26 MP: 1/7
  1022 | D:2      | Learned a level 3 spell: Vampiric Draining
  1036 | D:2      | Slain by Robin

Illustrated notes

Levels and vault maps discovered:
D:1:      zaba_arrival_water, layout_loops_ring, minmay_strange_pillars
D:2:      layout_loops_ring, ebering_ecumenical_altar_mist, uniq_robin

Skill      XL: |  1  2 |
---------------+-------+-----
Fighting       | 1 |  1.2
Maces & Flails | |  0.5
Dodging        | |  1.8
Stealth        | |  1.8
Spellcasting   | |  2.9
Necromancy     | |  4.2

Action                   || total
-------------------------++-------
Melee: Whip              ||    27
       Dagger            ||     5
Throw: Dart              ||     5
 Cast: Necrotise         ||    25
 Stab: Sleeping          ||     1
Armor: Robe              ||     9
Dodge: Dodged            ||    26

Table legend: (Time is in decaauts)
 A = Elapsed time spent in this place.
 B = Non-inter-level travel time spent in this place.
 C = Inter-level travel time spent in this place.
 D = Time resting spent in this place.
 E = Time spent auto-exploring this place.
 F = Levels seen in this place.
 G = Mean time per level.
                   A        B        C        D        E       F      G
               +--------+--------+--------+--------+--------+-----+--------+
         Total |   1043 |    991 |     52 |     41 |    762 |   2 |  521.5 |
       Dungeon |   1043 |    991 |     52 |     41 |    762 |   2 |  521.5 |
               +--------+--------+--------+--------+--------+-----+--------+

Top non-repeatable levels by time:
     D:1: 923 daAuts
     D:2: 120 daAuts
